 Dungeon Crawl Stone Soup version 0.31-a0-876-gfe8ebadbca (webtiles) character file.

Game seed: 18160631296394332487

83 Aneyh the Trooper (level 4, -2/30 HPs)
             Began as a Tengu Monk on Oct 14, 2023.
             Slain by a scorpion (6 damage)
             ... on level 4 of the Dungeon.
             The game lasted 00:01:57 (2715 turns).

Aneyh the Trooper (Tengu Monk)                      Turns: 2715, Time: 00:01:58

Health: -2/30      AC:  3    Str: 13    XL:     4   Next: 44%
Magic:  5/5        EV: 13    Int: 10    God:
Gold:   169        SH:  0    Dex: 17    Spells: 3/3 levels left

rFire   . . .        a - +0 spear
rCold   . . .        (no shield)
rNeg    . . .        f - +0 leather armour
rPois   .            (helmet restricted)
rElec   .            (no cloak)
rCorr   .            (no gloves)
SInv    .            (boots unavailable)
Will    .....        (no amulet)
Stlth   +            (no ring)
HPRegen 0.25/turn    (no ring)
MPRegen 0.09/turn

%: acrobat
@: lethally poisoned (-2 -> -7)
A: beak, talons 3, acrobatic
a: no special abilities


You were on level 4 of the Dungeon.
You visited 1 branch of the dungeon, and saw 4 of its levels.

You collected 169 gold pieces.

Inventory:

Hand Weapons
 a - a +0 spear (weapon)
Armour
 b - a +0 robe
 d - an orb of light
 f - a +0 leather armour (worn)
Scrolls
 e - a scroll of poison {unknown}
 i - 6 scrolls of identify {unknown}
 l - 2 scrolls of noise {unknown}
 m - 2 scrolls of amnesia {unknown}
 o - a scroll of fear {unknown}
 p - a scroll of revelation {unknown}
 q - 3 scrolls of acquirement {unknown}
 r - a scroll of torment {unknown}
 s - 2 scrolls of teleportation {unknown}
 t - a scroll of enchant armour {unknown}
 u - a scroll of enchant weapon {unknown}
Potions
 g - a potion of enlightenment {unknown}
 h - 2 potions of magic {unknown}
 j - a potion of heal wounds {unknown}
 k - 2 potions of degeneration {unknown}
 n - a potion of brilliance {unknown}
 v - a potion of curing {unknown}


   Skills:
 * Level 4.4 Fighting
 + Level 4.2 Polearms
 - Level 3.2 Dodging


You had 3 spell levels left.
You didn't know any spells.
Your spell library contained the following spells:

 Spells                   Type           Power      Damage    Failure   Level
 Necrotise                Necr           0%         1d4       43%         1
 Vampiric Draining        Necr           0%         2d6       82%         3
 Agony                    Necr           0%         N/A       100%        5


Dungeon Overview and Level Annotations

Branches:
Dungeon (4/15)
 Temple: D:4-7

Altars:


Innate Abilities, Weirdness & Mutations

You have a beak for a mouth.
You have claws for feet.
You can magically evade attacks while moving or waiting.


Message History

The scorpion poisons you!
You hit the scorpion.
The scorpion is heavily wounded.
You feel very sick. The scorpion stings you!
You are lethally poisoned!
The scorpion poisons you!
You are too injured to fight recklessly!
You are too injured to fight recklessly!
Unknown command.
You are confused.
You feel invigorated.
You feel very sick.
The scorpion stings you but does no damage.
You hit the scorpion. Your kick misses the scorpion. You peck the scorpion.
The scorpion is severely wounded.
You feel very sick. The scorpion misses you.
You're too confused to move!
You feel very sick. The scorpion closely misses you.
You barely miss the scorpion. Your kick misses the scorpion.
Your peck misses the scorpion.
The scorpion is severely wounded.
You feel less invigorated.
You feel less confused.
You feel very sick. The scorpion closely misses you. The scorpion stings you.
You barely miss the scorpion.
The scorpion is severely wounded.
You feel sick. The scorpion misses you.
You hit the scorpion.
The scorpion is almost dead.
You feel sick. The scorpion stings you.
* * * LOW HITPOINT WARNING * * *
You hit the scorpion but do no damage.
The scorpion is almost dead.
* * * LOW HITPOINT WARNING * * *
You feel sick. The scorpion stings you.
You die...

#. #.
#>
##.###
....#
#...#
#...#
#.<#
#.@#
#.s#
#...
##...
###.#
=. .##
.


You could see a scorpion.

Vanquished Creatures
  3 adders
  2 worms
  An orc (D:3)
  2 ball pythons
  4 bats
  4 endoplasms
  5 giant cockroaches
  3 hobgoblins
  6 jackals (D:1)
  2 kobolds
  A quokka (D:3)
  3 frilled lizards
  4 goblins
  5 rats
45 creatures vanquished.

Notes
Turn   | Place    | Note
-------+----------+-------------------------------------------
     0 | D:1      | Aneyh the Tengu Monk began the quest for the Orb.
     0 | D:1      | Reached XP level 1. HP: 14/14 MP: 2/2
   243 | D:1      | Reached XP level 2. HP: 19/19 MP: 3/3
   540 | D:1      | Reached XP level 3. HP: 21/24 MP: 4/4
  1161 | D:2      | You fall into a shaft and drop 1 floor!
  1380 | D:2      | Reached XP level 4. HP: 29/29 MP: 5/5
  2704 | D:4      | Noticed a scorpion
  2715 | D:4      | Slain by a scorpion

Illustrated notes

Levels and vault maps discovered:
D:1:      kennysheep_arrival_forest, layout_loops_corners
D:2:      layout_basic
D:3:      layout_basic, minmay_door_square
D:4:      layout_loops_cross, amcnicky_altar_gilded

Skill      XL: |  1  2  3 |
---------------+----------+-----
Fighting       | 4 |  4.4
Polearms       | 4 |  4.2
Dodging        | |  3.2

Action                     |  1- 3 |  4- 6 || total
---------------------------+-------+-------++-------
  Melee: Spear             |    91 |    45 ||   136
         Kick              |    19 |     8 ||    27
         Peck              |    10 |     4 ||    14
         Punch             |       |     1 ||     1
    Use: Potion            |       |     1 ||     1
   Stab: Sleeping          |     3 |       ||     3
 Armour: Robe              |     3 |       ||     3
         Leather armour    |    33 |    14 ||    47
  Dodge: Dodged            |    29 |    16 ||    45

Table legend: (Time is in decaauts)
 A = Elapsed time spent in this place.
 B = Non-inter-level travel time spent in this place.
 C = Inter-level travel time spent in this place.
 D = Time resting spent in this place.
 E = Time spent auto-exploring this place.
 F = Levels seen in this place.
 G = Mean time per level.
                   A        B        C        D        E       F      G
               +--------+--------+--------+--------+--------+-----+--------+
         Total |   2701 |   2574 |    127 |      0 |   2266 |   4 |  675.2 |
       Dungeon |   2701 |   2574 |    127 |      0 |   2266 |   4 |  675.2 |
               +--------+--------+--------+--------+--------+-----+--------+

Top non-repeatable levels by time:
     D:1: 1047 daAuts
     D:2: 863 daAuts
     D:3: 780 daAuts
     D:4: 10 daAuts
